 Dungeon Crawl Stone Soup version 0.18-a0-19-g8b99b3a (webtiles) character file.

2920 4thArraOfDagon the Cleaver (level 9, -5/57 HPs)
             Began as a Gargoyle Gladiator on Nov 1, 2015.
             Was an Initiate of Ashenzari.
             Splashed by a jelly's acid (8 damage)
             ... on level 9 of the Dungeon.
             The game lasted 00:14:54 (2659 turns).

4thArraOfDagon the Cleaver (Gargoyle Gladiator)     Turns: 2659, Time: 00:14:55

Health: -5/57      AC: -4    Str: 19    XL:     9   Next: 79%
Magic:  12/12      EV: 13    Int: 12    God:    Ashenzari [......]
Gold:   263        SH:  0    Dex: 10    Spells: 0 memorised, 8 levels left

rFire  . . .     SeeInvis +     a - +1 war axe
rCold  + . .     Clarity  .     f - +1 troll leather armour {Purgy}
rNeg   + . .     SustAt   .     (no shield)
rPois  ∞         Gourm    +     c - +0 helmet
rElec  +         Spirit   .     (no cloak)
rCorr  .         Warding  .     (no gloves)
rMut   .         Stasis   .     (no boots)
MR     .....                    A - amulet of the gourmand
Stlth  +.........               w - ring of protection from cold
                                h - ring of see invisible

@: corroded equipment, not resistant to hostile enchantments, very unstealthy
A: negative energy resistance 1, electricity resistance, unbreathing,
petrification resistance, rot immunity, AC +5
a: Renounce Religion


You were on level 9 of the Dungeon.
You worshipped Ashenzari.
Ashenzari was noncommittal.
You were very full.

You visited 1 branch of the dungeon, and saw 9 of its levels.

You collected 263 gold pieces.

Inventory:

Hand Weapons
 a - a +1 war axe (weapon)
Missiles
 d - 5 curare-tipped needles
Armour
 c - a +0 helmet (worn)
 f - a +1 troll leather armour (worn) {Purgy}
 g - a +0 ring mail
Jewellery
 h - a ring of see invisible (left hand)
 t - an uncursed amulet of resist corrosion
 w - a ring of protection from cold (right hand)
 A - an amulet of the gourmand (around neck)
 B - an uncursed ring of ice
Wands
 o - a wand of draining (0)
 p - a wand of digging (12)
 r - a wand of random effects (25)
 s - a wand of disintegration (7)
 x - a wand of hasting (0)
Scrolls
 b - 2 scrolls of fear
 m - a scroll of amnesia
 q - a scroll of enchant weapon
 E - a scroll of remove curse
Potions
 i - a potion of magic {unknown}
 j - 2 potions of lignification {unknown}
 l - a potion of brilliance {unknown}
 n - a potion of beneficial mutation {unknown}
 u - a potion of curing {unknown}
 v - 2 potions of might {unknown}
 D - a potion of agility {unknown}
Books
 y - a Young Poisoner's Handbook

   Spells                             Type                      Level
   a - Sting                          Conjuration/Poison           1
   b - Cure Poison                    Poison                       2
   c - Mephitic Cloud                 Conjuration/Poison/Air       3
   d - Olgreb's Toxic Radiance        Poison                       4
   e - Venom Bolt                     Conjuration/Poison           5
Comestibles
 e - 6 bread rations
 k - 7 fruits
 z - a beef jerky
 C - a meat ration


   Skills:
 + Level 7.1 Fighting
 * Level 8.5 Axes
 - Level 1.7 Throwing
 + Level 5.4 Dodging
 + Level 4.2 Evocations


You had 8 spell levels left.
You didn't know any spells.

Dungeon Overview and Level Annotations

Branches:
Dungeon (9/15)
 Temple: D:4-7         Lair: D:8-11         Orc: D:9-12

Altars:
Ashenzari
Elyvilon
Gozag
Makhleb
Okawaru
Sif Muna
Vehumet
Xom
Zin

Annotations:
D:4 4thArraOfDagon's ghost, amateur GrFi
D:5 Pikel
D:6 Eustachio
D:7 exclusion: statue


Innate Abilities, Weirdness & Mutations

You are resistant to torment.
Your stone body is resilient (AC +5).
You are immune to poison.
You resist negative energy.
You are resistant to electric shocks.
You can survive without breathing.
You are immune to petrification.
You are immune to rotting.


Message History

The jelly closely misses you.
You hit the jelly. The acid corrodes you!
Your hands burn!
The jelly is severely wounded.
The jelly closely misses you.
You hit the jelly.
Your hands burn!
The jelly is almost dead.
The jelly hits you.
You are splashed with acid!
The acid corrodes you!
The acid burns!
* * * LOW HITPOINT WARNING * * *
You hit the jelly but do no damage.
Your hands burn!
* * * LOW HITPOINT WARNING * * *
The jelly is almost dead.
The jelly closely misses you.
You hit the jelly but do no damage.
Your hands burn!
* * * LOW HITPOINT WARNING * * *
The jelly is almost dead.
The jelly closely misses you. The jelly hits you.
* * * LOW HITPOINT WARNING * * *
You are splashed with acid!
The acid corrodes you!
The acid burns!
You die...

#†# #.# ##.#
####..# #....##
###'#########
#...........#
###...........#
#.@...........#
#.J#..........>#
#.##...........#
#. #...........#
. #...........#
.+ #...........#
.# #############
..


You could see a jelly.

Vanquished Creatures
  A wizard (D:9)
  A two-headed ogre (D:9)
  3 yaks (D:9)
  A slave (D:4)
  Purgy (D:4)
  2 ice beasts (D:6)
  A black bear (D:8)
  An orc warrior (D:9)
  A phantom (D:4)
  A necrophage (D:6)
  A centaur (D:5)
  Blork the orc (D:4)
  A giant frog (D:6)
  4 scorpions
  4 crimson imps
  2 quasits
  2 hounds
  2 jellies
  3 orc priests
  2 orc wizards
  An iguana (D:7)
  7 worker ants
  A hound zombie (D:7)
  4 adders
  A shadow imp (D:8)
  An adder zombie (D:5)
  A worm (D:5)
  3 giant geckos
  7 orcs
  2 bats
  3 giant cockroaches
  3 hobgoblins
  9 jackals
  A giant newt (D:2)
  3 kobolds (D:2)
  A rat (D:2)
83 creatures vanquished.

Vanquished Creatures (others)
  An adder zombie (D:9)
1 creature vanquished.

Grand Total: 84 creatures vanquished

Notes
Turn   | Place    | Note
--------------------------------------------------------------
     0 | D:1      | 4thArraOfDagon the Gargoyle Gladiator began the quest for the Orb.
     0 | D:1      | Reached XP level 1. HP: 12/12 MP: 1/1
    62 | D:2      | Reached skill level 3 in Axes
   105 | D:2      | Reached XP level 2. HP: 17/17 MP: 2/2
   195 | D:4      | Found a glowing drain.
   203 | D:5      | Entered Level 5 of the Dungeon
   213 | D:4      | Reached XP level 3. HP: 17/22 MP: 3/3
   237 | D:4      | Noticed Purgy
   249 | D:4      | Killed Purgy
   249 | D:4      | Reached skill level 4 in Axes
   249 | D:4      | Reached XP level 4. HP: 17/28 MP: 4/4
   249 | D:4      | Reached XP level 5. HP: 19/32 MP: 5/5
   305 | D:4      | Noticed a phantom
   390 | D:5      | Noticed Pikel
   390 | D:5      | Noticed a slave
   390 | D:5      | Noticed a slave
   391 | D:5      | Noticed a slave
   393 | D:5      | Noticed a slave
   400 | D:5      | Noticed an ogre
   416 | D:4      | Killed a slave
   433 | D:4      | Noticed Blork the orc
   437 | D:4      | Killed Blork the orc
   437 | D:4      | Reached XP level 6. HP: 33/37 MP: 6/6
   505 | D:4      | Reached skill level 5 in Axes
   653 | D:5      | Reached XP level 7. HP: 33/43 MP: 7/7
   660 | D:5      | Reached skill level 1 in Evocations
   903 | D:6      | Reached skill level 6 in Axes
   924 | D:6      | Reached skill level 5 in Fighting
   924 | D:6      | Reached XP level 8. HP: 28/49 MP: 9/9
  1089 | D:7      | Found an iron altar of Okawaru.
  1134 | D:7      | Found a radiant altar of Vehumet.
  1262 | D:7      | LAB
  1379 | D:6      | Found a shimmering altar of Xom.
  1424 | D:6      | Noticed Eustachio
  1465 | D:5      | Found a white marble altar of Elyvilon.
  1677 | D:4      | Noticed 4thArraOfDagon's ghost (amateur GrFi)
  1733 | D:3      | You fall through a shaft for 3 floors!
  1842 | D:7      | Reached skill level 7 in Axes
  2072 | D:8      | Found an opulent altar of Gozag.
  2078 | D:8      | Found a shattered altar of Ashenzari.
  2084 | D:8      | :(
  2086 | D:8      | Became a worshipper of Ashenzari the Shackled
  2151 | D:9      | Noticed a wizard
  2244 | D:9      | Noticed a two-headed ogre
  2247 | D:9      | Found a burning altar of Makhleb.
  2252 | D:9      | Found a glowing silver altar of Zin.
  2252 | D:9      | Noticed an angel
  2253 | D:9      | Noticed an Executioner
  2257 | D:9      | Killed a two-headed ogre
  2257 | D:9      | Reached XP level 9. HP: 31/55 MP: 11/11
  2305 | D:9      | Found a deep blue altar of Sif Muna.
  2320 | D:9      | Killed a wizard
  2320 | D:9      | Reached skill level 8 in Axes
  2320 | D:9      | Reached skill level 5 in Dodging
  2659 | D:9      | Splashed by a jelly's acid

Vault maps used:
D:1:      co_arrival_square_in_a_square_in_a_square, serial_forest,
          infiniplex_forest_clump_small, infiniplex_forest_straight_1,
          infiniplex_forest_zigzag_2, infiniplex_forest_3_way,
          infiniplex_forest_clump_diagonal, infiniplex_forest_clump_medium,
          minmay_curled_crystal
D:2:      corexii_item_surrounded_by_moat
D:3:      gammafunk_temple_overflow_pools
D:4:      minmay_temple_entry_fiery, gup_sewer_entry_glass, first_bread,
          uniq_purgy, uniq_blork_the_orc
D:5:      nicolae_overflow_hidden_temple, uniq_pikel
D:6:      xom_butterflies, hangedman_minor_gate_pass, uniq_duvessa,
          uniq_eustachio
D:7:      overflow_temple_1_default, vehumet_statue
D:8:      minitemple, the_bakery
D:9:      grunt_temple_overflow_order_and_chaos_2, kennysheep_mini,
          lemuel_crystal_altar, lemuel_crystal_altar, laboratory

Action                   |  1- 3 |  4- 6 |  7- 9 || total
-------------------------+-------+-------+-------++-------
Melee: War axe           |    36 |    76 |   298 ||   410
Throw: Throwing net      |     4 |       |     2 ||     6
Evoke: Wand              |       |     4 |    17 ||    21
  Use: Scroll            |     1 |     1 |     8 ||    10
 Stab: Held in net/web   |     3 |       |       ||     3
  Eat: Chunk             |       |       |    18 ||    18
